AoeStats
← leofim11

Nomad

508408596Analyzed
3v3 RM · 10d ago on Sep 22, 2026· 66m 52s· 6 players
Game mode
Random Map
Map size
210×210
Population
200
Speed
Normal
Resources
Standard
Victory
Conquest
Starting age
Dark Age
Ending age
Imperial Age
RankedLock teamsTeams togetherTeam positionsShared explorationLock speedFull tech treeHidden civsTurbo modeCheats
Victory
Defeat
🇧🇪 Romans · Belgium
922
+15
🇨🇴 Huns · Colombia
869
+17
🇺🇸 Berbers · United States
793
+20
🇨🇳 Japanese · China
964
-19
🇻🇳 Tupi · Vietnam
874
-17
🇭🇰 Goths · Hong Kong SAR China
856
-16
Peaky Blinders
5:52 Loom
16:09 Feudal Age
22:16 Castle Age
20:23 Horse Collar
20:32 Double-Bit Axe
22:00 Horse Collar
22:48 Stone Mining
32:55 Fletching
40:26 Bodkin Arrow
40:32 Padded Archer Armor
42:34 Leather Archer Armor
46:10 Imperial Age
44:25 Ballistics
44:22 Squires
44:08 Arson
43:44 Pikeman
45:02 Forging
45:45 Wheelbarrow
44:58 Town Watch
47:42 Conscription
47:51 Elite Blackwood Archer
48:52 Bracer
49:22 Ring Archer Armor
50:12 Curare
50:22 Halberdier
51:45 Ring Archer Armor
53:14 Hand Cart
55:39 Town Patrol
57:02 Iron Casting
57:49 Champi Runner
58:34 Scale Mail Armor
60:08 Chain Mail Armor
59:18 Champi Warrior
61:14 Chemistry
60:20 Elite Champi Warrior
61:32 Plate Mail Armor
Hanson
5:19 Loom
16:43 Feudal Age
22:15 Castle Age
20:20 Double-Bit Axe
21:15 Horse Collar
22:01 Forging
24:59 Bow Saw
24:11 Man-at-Arms
27:22 Scale Mail Armor
29:10 Squires
28:32 Long Swordsman
29:37 Heavy Plow
31:41 Wheelbarrow
34:11 Gold Mining
34:23 Fishing Lines
35:29 Hand Cart
39:29 Imperial Age
38:00 Town Watch
40:48 Crop Rotation
40:13 Two-Handed Swordsman
41:12 Chain Mail Armor
41:09 Perfusion
44:11 Pikeman
44:25 Champion
46:04 Iron Casting
51:39 Conscription
52:38 Halberdier
58:02 Blast Furnace
喵了个咪
14:39 Feudal Age
15:50 Double-Bit Axe
16:02 Loom
18:54 Fishing Lines
22:21 Castle Age
20:35 Arson
21:05 Gold Mining
22:19 Stone Mining
23:44 Forging
23:34 Scale Mail Armor
23:26 Fletching
23:36 Padded Archer Armor
23:32 Gillnets
24:48 Medium Warships
26:20 Wheelbarrow
39:05 Imperial Age
40:08 Gold Shaft Mining
40:13 Chain Mail Armor
41:53 Capped Ram
43:06 Conscription
leofim11
13:41 Loom
18:12 Feudal Age
19:32 Wheelbarrow
18:50 Fishing Lines
20:37 Town Watch
26:34 Castle Age
24:35 Double-Bit Axe
26:39 Forging
26:34 Scale Barding Armor
28:22 Hand Cart
28:20 Bow Saw
28:46 Gillnets
29:44 Fletching
29:55 Padded Archer Armor
30:06 Horse Collar
31:07 Heavy Plow
32:07 Gold Mining
32:09 Stone Mining
33:03 Medium Warships
35:44 Town Patrol
38:17 Imperial Age
36:15 Bodkin Arrow
36:35 Leather Archer Armor
39:36 Light Cavalry
40:26 Bloodlines
40:17 Husbandry
41:10 Iron Casting
40:56 Chain Barding Armor
40:51 Hussar
43:31 Elite Camel Archer
46:14 Crop Rotation
46:48 Bracer
47:18 Ring Archer Armor
esmit0000
3:09 Loom
20:36 Feudal Age
21:07 Fishing Lines
25:19 Castle Age
23:17 Fletching
23:28 Padded Archer Armor
26:52 Medium Warships
27:14 Forging
27:04 Scale Mail Armor
27:00 Bodkin Arrow
27:20 Leather Archer Armor
32:19 Imperial Age
30:40 Iron Casting
30:21 Chain Mail Armor
33:03 Imperial Age
31:02 Double-Bit Axe
31:29 Scale Barding Armor
32:30 Marauders
33:40 Murder Holes
34:06 Ballistics
35:31 Wheelbarrow
34:41 Town Watch
37:02 Chemistry
36:27 Conscription
41:16 Husbandry
42:38 Bloodlines
48:20 Bow Saw
48:40 Gillnets
49:15 Bracer
50:20 Parthian Tactics
51:40 Gold Mining
51:43 Stone Mining
52:24 Masonry
51:49 Sappers
53:28 Elite Skirmisher
54:15 Thumb Ring
55:25 Light Cavalry
60:38 Hussar
64:11 Blast Furnace
63:32 Chain Barding Armor
63:25 Guilds
67:31 Plate Barding Armor
Severine
8:55 Loom
14:20 Feudal Age
19:15 Castle Age
18:18 Stone Mining
18:22 Gold Mining
19:53 Fletching
20:51 Murder Holes
22:31 Wheelbarrow
21:43 Loom
21:50 Loom
22:41 Wheelbarrow
21:52 Town Watch
24:19 Ballistics
25:15 Double-Bit Axe
25:15 Horse Collar
26:26 Man-at-Arms
27:07 Squires
28:35 Long Swordsman
33:52 Imperial Age
33:13 Bow Saw
36:04 Gold Shaft Mining
37:41 Ballistas
42:51 Heavy Plow
44:48 Bodkin Arrow
44:57 Scale Mail Armor
45:08 Forging
53:22 Imperial Age
53:46 Heavy Scorpion
56:13 Conscription
57:05 Siege Engineers
58:18 Chemistry
59:01 Elite Centurion
60:12 Masonry
61:08 Comitatenses
67:05 Hand Cart
Connection lost

Rejoining the realm…

Still unreachable

The connection could not be restored.

Session expired

The server has moved on; the page needs a fresh start.